[Event "Early-Titled-Tuesday-Blitz-August-29-2023"]
[Site "Chess.com"]
[Date "2023.08.29"]
[Round "6"]
[White "igorkovalenko"]
[Black "Kezin_Roman"]
[Result "1-0"]
[WhiteElo "2957"]
[BlackElo "2795"]
[TimeControl "180+1"]
[EndTime "9:06:23 PDT"]
[Termination "igorkovalenko won on time"]

1. c4 e6 2. Nf3 d5 3. e3 Nf6 4. b3 b6 5. Bb2 Bb7 6. d4 Bd6 7.
Bd3 O-O 8. O-O Nbd7 9. Nc3 Ne4 10. Nb5 Be7 11. cxd5 exd5 12. Rc1 a6 13. Nxc7 Ra7 14.
Qe2 b5 15. Ne5 Bd6 16. Qc2 Nef6 17. Bxb5 Bc8 18. Bxd7 Bxd7 19. Nxd7 Qxd7 20. Nxd5 Nxd5 21. e4 Nf4 22. g3 Rc7 23. Qd2 Qh3 24. f3 Ne6 25.
Rxc7 Bxc7 26. Rc1 Bb6 27. Kh1 Qh5 28. Kg2 Ng5 29. Qf4 h6 30. h4 Ne6 31. Qd2 Rd8 32. d5 Qg6 33. Rc6 1-0

[Event "Early-Titled-Tuesday-Blitz-August-29-2023"]
[Site "Chess.com"]
[Date "2023.08.29"]
[Round "6"]
[White "tylityli"]
[Black "dosto07"]
[Result "1/2-1/2"]
[WhiteElo "2356"]
[BlackElo "2465"]
[TimeControl "180+1"]
[EndTime "9:06:23 PDT"]
[Termination "Game drawn by repetition"]

1. d4 d5 2. c4 dxc4 3. Nf3 Nf6 4. e3 e6 5. Bxc4 a6 6. O-O c5 7.
e4 cxd4 8. e5 Nfd7 9. Re1 Nc6 10. Bf4 Be7 11. Nxd4 O-O 12. Nxc6 bxc6 13. Nc3 Rb8 14.
Qe2 c5 15. Ne4 Bb7 16. Nd6 Bxd6 17. exd6 Qb6 18. b3 Rfe8 19. Qg4 Nf6 20. Qh4 Qc6 21.
f3 Nd7 22. Rad1 a5 23. a4 Ba6 24. Bd2 Bxc4 25. Qxc4 Qb6 26. Re3 Nf6 27. Bc3 Nd5 28. Rxd5 exd5 29. Rxe8+ Rxe8 30. Qxd5 c4+ 31. Bd4 Qxb3 32. h4 Qxa4 33. d7 Rd8 34. Qe5 f6 35. Qe6+ Kh8 36. Bxf6 Qxd7 37. Qe5 gxf6 38. Qxf6+ Kg8 39. Qg5+ Kf8 40. Qf6+ Ke8 41. Qh8+ Ke7 42. Qg7+ Kd6 43. Qd4+ Kc7 44. Qa7+ Kd6 45. Qd4+ Ke7 46. Qg7+ Kd6 47. Qd4+ 1/2-1/2

[Event "Early-Titled-Tuesday-Blitz-August-29-2023"]
[Site "Chess.com"]
[Date "2023.08.29"]
[Round "6"]
[White "Iunusovnuriddin"]
[Black "ExchangeAB"]
[Result "1/2-1/2"]
[WhiteElo "2300"]
[BlackElo "2462"]
[TimeControl "180+1"]
[EndTime "9:06:23 PDT"]
[Termination "Game drawn - insufficient material"]

1. e4 c6 2. Nc3 d5 3. Nf3 Bg4 4. h3 Bxf3 5. Qxf3 e6 6. d4 Nd7 7. a3 dxe4 8. Nxe4 Ngf6 9. c3 Nxe4 10. Qxe4 Nf6 11. Qf3 Qd5 12. Be2 Qxf3 13. Bxf3 Bd6 14. O-O O-O-O 15. Bg5 h6 16. Bd2 c5 17. dxc5 Bxc5 18.
Rad1 Rd7 19. b4 Bb6 20. c4 Rhd8 21. Bc3 Bd4 22. Bxd4 Rxd4 23. c5 Kc7 24. Rb1 Rd3 25. a4 Ra3 26. Ra1 Rdd3 27. b5 e5 28. Rxa3 Rxa3 29.
Re1 e4 30. Bxe4 Rxa4 31. Bf3 Rd4 32. c6 bxc6 33. bxc6 Nd5 34. Bxd5 Rxd5 35. Re7+ Kxc6 36. Rxa7 Rd7 37. Ra3 Kd6 38. g3 Ke6 39. Kg2 g5 40. Ra6+ Rd6 41. Rxd6+ Kxd6 42. Kf3 h5 43. g4 hxg4+ 44.
Kxg4 f6 45. Kf5 Ke7 46. f4 gxf4 47. Kxf4 Kf7 48. Kf5 Kg7 49. h4 Kf7 50. h5 Kg7 51. h6+ Kxh6 52. Kxf6 1/2-1/2

[Event "Early-Titled-Tuesday-Blitz-August-29-2023"]
[Site "Chess.com"]
[Date "2023.08.29"]
[Round "6"]
[White "Orujov2008"]
[Black "masenik"]
[Result "0-1"]
[WhiteElo "2599"]
[BlackElo "2433"]
[TimeControl "180+1"]
[EndTime "9:06:26 PDT"]
[Termination "masenik won by resignation"]

1. e4 c5 2. Nf3 e6 3. d4 cxd4 4. Nxd4 a6 5. Bd3 Qc7 6. O-O Nf6 7. Qe2 d6 8. c4 g6 9. Nc3 Bg7 10. Be3 O-O 11. f3 Nbd7 12. Rac1 b6 13. Qf2 Ne5 14. Qe2 Bb7 15. b3 Rfe8 16. Bb1 Rac8 17. h3 Qb8 18. f4 Ned7 19. Bf2 Nc5 20. Nf3 Qa8 21. Rfe1 Nh5 22. Qe3 Bh6 23. Ng5 f6 24. h4 fxg5 25.
hxg5 Bf8 26. g4 Ng7 27. Kg2 Re7 28. b4 Nd7 29. Bd3 Rf7 30. Rh1 Ne8 31. Kg1 a5 32. a3 axb4 33. axb4 Qa3 34. Be2 Qxb4 35. Rb1 Qa3 36. Rh3 Bg7 37. Kg2 Qxc3 38. Qxc3 Bxc3 39. Rxc3 Rxf4 40. Bf3 Bxe4 41. Bxe4 Rxe4 42. Rd1 Rexc4 43.
Rcd3 Rxg4+ 44. Kf3 Ne5+ 45. Ke3 Nxd3 46. Rxd3 0-1

[Event "Early-Titled-Tuesday-Blitz-August-29-2023"]
[Site "Chess.com"]
[Date "2023.08.29"]
[Round "6"]
[White "kecalk"]
[Black "Good_Knight_Kiss"]
[Result "0-1"]
[WhiteElo "2466"]
[BlackElo "2377"]
[TimeControl "180+1"]
[EndTime "9:06:27 PDT"]
[Termination "Good_Knight_Kiss won on time"]

1. e4 c5 2. Nc3 a6 3. Nf3 d6 4. d4 cxd4 5. Nxd4 Nf6 6. Be3 e5 7.
Nb3 Be6 8. h3 Nbd7 9. g4 h6 10.
Qf3 Rc8 11. g5 hxg5 12. Bxg5 Be7 13. O-O-O Rxc3 14. bxc3 Qc7 15. Kb1 Qc6 16. Bd3 d5 17. Bxf6 Nxf6 18. Qg3 dxe4 19. Be2 Nd5 20. c4 Nf4 21.
Bg4 f5 22. Bxf5 Bxf5 23. Qxg7 Bf6 24. Qg3 Qxc4 25. Rd6 Rf8 26. Rhd1 e3 27. Na1 e2 28.
Rc1 Qb4+ 29. Nb3 Qxd6 30. Qe3 e4 31. c3 Qe5 32. Qb6 Kf7 33. Qxb7+ Qe7 0-1

[Event "Early-Titled-Tuesday-Blitz-August-29-2023"]
[Site "Chess.com"]
[Date "2023.08.29"]
[Round "6"]
[White "mishanick"]
[Black "GMBenjaminBok"]
[Result "1-0"]
[WhiteElo "3129"]
[BlackElo "2918"]
[TimeControl "180+1"]
[EndTime "9:06:28 PDT"]
[Termination "mishanick won by resignation"]

1. d4 Nf6 2. c4 e6 3. Nc3 Bb4 4. e3 O-O 5. Bd3 d5 6. a3 Bxc3+ 7. bxc3 dxc4 8. Bxc4 c5 9. Ne2 Qc7 10. Qd3 Nc6 11. e4 cxd4 12. cxd4 Rd8 13. Ba2 Ne5 14.
Qe3 Nc4 15. Qc3 b5 16. f3 Qb6 17. O-O e5 18. Rd1 Be6 19. Kh1 exd4 20. Nxd4 Rac8 21. Be3 Nxe3 22. Qxe3 Bxa2 23. Rxa2 Nd7 24. Rad2 Ne5 25. Qg5 f6 26. Qf5 Rc4 27. Ne2 Rxd2 28. Rxd2 h6 29.
h4 Qc7 30. f4 Nf7 31. Rd7 Qc8 32. Qe6 Qf8 33. Ng3 Rc1+ 34. Kh2 Rc4 35. Nf5 g6 36. Nd6 Rc6 37. Rxf7 Qxd6 38. Qe8+ 1-0

[Event "Early-Titled-Tuesday-Blitz-August-29-2023"]
[Site "Chess.com"]
[Date "2023.08.29"]
[Round "6"]
[White "KNVB"]
[Black "gueraumasague"]
[Result "1-0"]
[WhiteElo "2790"]
[BlackElo "2550"]
[TimeControl "180+1"]
[EndTime "9:06:30 PDT"]
[Termination "KNVB won by resignation"]

1. d4 g6 2. c4 Bg7 3. e4 d6 4. Nc3 Nc6 5. Nge2 e5 6. Be3 Nge7 7. d5 Nb8 8. Qd2 Nd7 9. f3 O-O 10. g4 Nc5 11. Rg1 Bd7 12. Ng3 Kh8 13. O-O-O Ng8 14.
h4 Qxh4 15. g5 f6 16. Kb1 f5 17. Rh1 Qxg3 18. Rh3 Qxh3 19. Bxh3 f4 20. Bxc5 Bxh3 21. Ba3 b6 22. Rh1 Bd7 23. Qh2 h5 24. gxh6 Bf6 25. h7 Ne7 26. Nb5 Rfc8 27. b4 a6 28. Nc3 a5 29.
bxa5 Rxa5 30. Bb4 Raa8 31. Kb2 Rf8 32. Nb5 Rfc8 33. Kb3 Be8 34. a3 Bf7 35. Kb2 g5 36. Qh6 Ng6 37. Bxd6 cxd6 38. Nxd6 Rc7 39. Nxf7+ Rxf7 40.
Qxg6 1-0

[Event "Early-Titled-Tuesday-Blitz-August-29-2023"]
[Site "Chess.com"]
[Date "2023.08.29"]
[Round "6"]
[White "YouJustFoundYourGodfather"]
[Black "Arteler"]
[Result "1-0"]
[WhiteElo "2590"]
[BlackElo "2234"]
[TimeControl "180+1"]
[EndTime "9:06:30 PDT"]
[Termination "YouJustFoundYourGodfather won by resignation"]

1. b3 e5 2. Bb2 d6 3. c4 g6 4. d4 Bg7 5. dxe5 Nc6 6. Nf3 Nge7 7. g3 O-O 8. Bg2 Nxe5 9. Nxe5 dxe5 10. Qc1 Nc6 11.
O-O Nd4 12. Nc3 c6 13. e3 Ne6 14. Rd1 Qc7 15. Ne4 Rd8 16. Rxd8+ Nxd8 17. Qd2 Be6 18. Rd1 h6 19. Ba3 f5 20. Bd6 Qf7 21. Nc5 Rc8 22. h4 b6 23. Nxe6 Nxe6 24. Qc2 e4 25. c5 b5 26. a4 a6 27. Qa2 Rd8 28. axb5 axb5 29. b4 Nc7 30. Qa7 Nd5 31. Qa5 Qb7 32. Qxd8+ Kh7 33.
Rxd5 cxd5 34. Qe7 Qa6 35. Be5 1-0

[Event "Early-Titled-Tuesday-Blitz-August-29-2023"]
[Site "Chess.com"]
[Date "2023.08.29"]
[Round "6"]
[White "amanjazu"]
[Black "Herman-NY"]
[Result "1/2-1/2"]
[WhiteElo "2330"]
[BlackElo "2451"]
[TimeControl "180+1"]
[EndTime "9:06:30 PDT"]
[Termination "Game drawn by repetition"]

1. f4 d5 2. Nf3 c5 3. g3 Nc6 4. Bg2 g6 5. O-O Nh6 6. d3 Bg7 7. e4 O-O 8. Nc3 dxe4 9. dxe4 Nd4 10. h3 f6 11. Nd5 e6 12. Ne3 Nf7 13. c3 Nxf3+ 14.
Qxf3 Qe7 15. Rd1 Bd7 16. e5 Bc6 17. exf6 Bxf6 18. Qe2 Bxg2 19. Qxg2 Rad8 20. Bd2 Rd3 21.
Qe4 Rfd8 22. Be1 c4 23. Rxd3 cxd3 24. Rd1 Qd7 25. Ng4 Be7 26. Bf2 Qb5 27. Qxe6 Bc5 28. Nh6+ Kg7 29. Nxf7 Bxf2+ 30. Kxf2 Re8 31. Qd6 Qxb2+ 32.
Kg1 Kxf7 33. Qd5+ Kg7 34. Qd4+ Kf7 35. Qxd3 Re2 36. Qd7+ Re7 37. Qd5+ Kg7 38. Qd4+ Kf7 39. Qd5+ Kg7 40. Qd4+ Kf7 41. Qc4+ Kg7 42. Qd4+ 1/2-1/2

[Event "Early-Titled-Tuesday-Blitz-August-29-2023"]
[Site "Chess.com"]
[Date "2023.08.29"]
[Round "6"]
[White "alexrustemov"]
[Black "ahkashefi2800"]
[Result "1-0"]
[WhiteElo "2856"]
[BlackElo "2590"]
[TimeControl "180+1"]
[EndTime "9:06:31 PDT"]
[Termination "alexrustemov won on time"]

1. d4 d5 2. c4 c6 3. Nc3 Nf6 4. e3 Bf5 5. cxd5 Nxd5 6. Bc4 e6 7.
Nge2 Bg6 8. e4 Nb6 9. Bb3 c5 10. Be3 cxd4 11. Qxd4 Nc6 12. Qxd8+ Rxd8 13. f3 Be7 14.
Kf2 O-O 15. Rhd1 Rxd1 16. Rxd1 Rd8 17. Rxd8+ Bxd8 18. Nf4 Bc7 19. Nd3 Nd7 20. g3 a6 21.
Na4 Kf8 22. Nac5 Nxc5 23. Nxc5 Nd8 24. Ke2 Ke7 25. Kd3 f6 26. Bc4 Be8 27. b4 Bc6 28.
a4 Bd6 29. f4 e5 30. a5 Be8 31. Bd5 Nc6 32. Kc4 Nd8 33. Nxb7 Bb5+ 34. Kc3 Nxb7 35. Bxb7 exf4 36. Bxf4 g5 37. Bxd6+ Kxd6 38. Kd4 h5 39. h4 gxh4 40. gxh4 Ke6 41. Bd5+ Kd6 42. Bc4 Kc6 43. Bxb5+ Kxb5 44. Kc3 Kc6 45. Kc4 Kd6 46. b5 axb5+ 47. Kxb5 Kc7 48. Kc5 Kb7 49. Kd6 f5 50.
exf5 1-0

[Event "Early-Titled-Tuesday-Blitz-August-29-2023"]
[Site "Chess.com"]
[Date "2023.08.29"]
[Round "6"]
[White "Kubas1010"]
[Black "FARIZA2018"]
[Result "0-1"]
[WhiteElo "2654"]
[BlackElo "2526"]
[TimeControl "180+1"]
[EndTime "9:06:31 PDT"]
[Termination "FARIZA2018 won on time"]

1. d4 Nf6 2. Nf3 d5 3. c4 e6 4. g3 dxc4 5. Bg2 c5 6. O-O Nc6 7. dxc5 Qxd1 8. Rxd1 Bxc5 9. Nbd2 c3 10. bxc3 O-O 11. Ne1 Bd7 12. Nd3 Be7 13. c4 Rac8 14.
Bb2 Rfd8 15. Nb3 b6 16. Rac1 Nb4 17. Ne5 Be8 18. a3 Nc6 19. Rxd8 Bxd8 20. Nd3 Be7 21.
c5 bxc5 22. Nbxc5 Na5 23. Bc3 Nc4 24. Bb4 Nb6 25. Bb7 Rc7 26. Ba6 Nfd5 27. Bd2 Na4 28.
Nxa4 Rxc1+ 29. Bxc1 Bxa4 30. Bb2 f6 31. e4 Nb6 32.
Nb4 Bb3 33. Nc6 Bc5 34. Nxa7 Na4 35. Bxf6 gxf6 36. Nb5 Bc4 37. Nc7 Bxa6 38. Nxa6 Bxa3 39. Nc7 Kf7 40. Nb5 Bc5 41. Kg2 Ke7 42. Kf3 Kd7 43. Kg4 Kc6 44. f4 Kxb5 45. e5 fxe5 46. fxe5 Bd4 47.
Kf4 Nc5 48. h4 Nd7 49. g4 Bxe5+ 50. Kg5 Bg7 51. Kf4 Kc4 52. g5 Kd4 53. h5 Nf8 54.
Kg4 e5 55. h6 Bh8 0-1

[Event "Early-Titled-Tuesday-Blitz-August-29-2023"]
[Site "Chess.com"]
[Date "2023.08.29"]
[Round "6"]
[White "falzehope0"]
[Black "Rutricks"]
[Result "0-1"]
[WhiteElo "2429"]
[BlackElo "2618"]
[TimeControl "180+1"]
[EndTime "9:06:31 PDT"]
[Termination "Rutricks won by resignation"]

1. d4 g6 2. e3 Bg7 3. Bd3 d6 4. f4 Nd7 5. Nf3 e5 6. O-O Qe7 7.
Bc4 e4 8. Ng5 Nh6 9. Nh3 Nb6 10.
Bb3 Bxh3 11. gxh3 Qh4 12. Kg2 Nf5 13. Qg4 Qe7 14. Nc3 h5 15. Qe2 c6 16. Bd2 O-O-O 17. Nd1 d5 18. Be1 c5 19. dxc5 Qxc5 20. c3 Nc4 21. Bxc4 dxc4 22. b3 Rxd1 23. Rxd1 Nxe3+ 24. Kh1 Nxd1 25. Qxd1 Rd8 26. Qe2 cxb3 27. Bf2 Qxc3 28.
axb3 Qf3+ 29. Qxf3 exf3 30. Bxa7 Rd3 31. b4 Bc3 32. b5 Bd2 33. f5 g5 34. Rd1 Rd7 35. Bb6 Bf4 36. Ra1 Rd2 37. Bg1 Kd7 38. Rf1 Rd3 39.
Bf2 Kd6 40. Bg3 Ke5 41. Bxf4+ Kxf4 42. Kg1 Kxf5 43. Kf2 Kf4 44. Re1 Rd2+ 45. Kg1 f2+ 46. Kf1 fxe1=Q+ 47. Kxe1 Rxh2 48. Kf1 Kg3 49. b6 Rb2 50. Ke1 g4 51. hxg4 h4 52. g5 h3 53.
g6 h2 0-1

[Event "Early-Titled-Tuesday-Blitz-August-29-2023"]
[Site "Chess.com"]
[Date "2023.08.29"]
[Round "6"]
[White "le_poisson"]
[Black "wadsy27"]
[Result "0-1"]
[WhiteElo "2341"]
[BlackElo "2610"]
[TimeControl "180+1"]
[EndTime "9:06:31 PDT"]
[Termination "wadsy27 won by resignation"]

1. e4 c5 2. Nf3 e6 3. d4 cxd4 4.
Nxd4 Nc6 5. Nc3 Qc7 6. Be3 a6 7. Qf3 b5 8. Nxc6 Qxc6 9. Bd3 Ba3 10. bxa3 Qxc3+ 11. Ke2 Bb7 12. Rab1 Nf6 13. Rb3 Qc6 14. Qg3 Nxe4 15. Qxg7 O-O-O 16. Qd4 e5 17. Bxe4 exd4 18. Bxc6 dxc6 19. Bf4 c5 20. Rg3 Rhg8 21. Kd2 Bxg2 22. Rg1 Rxg3 23. fxg3 Bd5 24. Re1 Bxa2 25. Re5 Bd5 26. Re7 Rd7 27. Re8+ Kb7 28. Rb8+ Kc6 29. Rc8+ Kb6 30. Rh8 c4 31. Rxh7 c3+ 32. Ke2 Be4 33.
Rh6+ Ka5 34. Kd1 d3 35. Bd6 Bf3+ 36. Ke1 d2+ 37. Kf2 Rxd6 38. Rxd6 d1=Q 39. Rxd1 Bxd1 40. Ke3 Bxc2 41. Kd4 b4 42. axb4+ Kxb4 43. h4 Bh7 44. h5 c2 0-1

[Event "Early-Titled-Tuesday-Blitz-August-29-2023"]
[Site "Chess.com"]
[Date "2023.08.29"]
[Round "6"]
[White "CFalcons8"]
[Black "jinbojinbo"]
[Result "0-1"]
[WhiteElo "2243"]
[BlackElo "2675"]
[TimeControl "180+1"]
[EndTime "9:06:31 PDT"]
[Termination "jinbojinbo won on time"]

1. e4 e5 2. d4 exd4 3. Qxd4 Nc6 4. Qc4 d6 5. Be3 Be6 6. Qe2 g6 7. c3 Bg7 8. f3 Nge7 9. Nd2 O-O 10. h4 d5 11. O-O-O d4 12. cxd4 Nxd4 13. Qf2 c5 14. Bc4 Bxc4 15. Nxc4 b5 16. Na3 Qa5 17. Kb1 Rfd8 18.
Ne2 Nec6 19. h5 b4 20. Nc4 Qa6 21. b3 Nb5 22. Bxc5 Ne5 23. Nxe5 Na3+ 24. Kc1 Bxe5 25. Rxd8+ Rxd8 26. Qe3 Rc8 27. Kd1 Rd8+ 28. Kc1 Qc6 29.
hxg6 fxg6 30. f4 Bd6 31. Kb2 Bxc5 32. Qh3 Qf6+ 33. e5 Qf7 0-1

[Event "Early-Titled-Tuesday-Blitz-August-29-2023"]
[Site "Chess.com"]
[Date "2023.08.29"]
[Round "6"]
[White "Romkachess"]
[Black "garfield_pg"]
[Result "1-0"]
[WhiteElo "2550"]
[BlackElo "2370"]
[TimeControl "180+1"]
[EndTime "9:06:31 PDT"]
[Termination "Romkachess won on time"]

1. e4 c5 2. Nf3 g6 3. c3 Nf6 4. e5 Nd5 5. Bc4 Nb6 6. Bb3 c4 7. Bc2 d6 8. exd6 Qxd6 9. O-O Bg7 10. h3 Bf5 11. Bxf5 gxf5 12. Qc2 e6 13. Re1 Qd5 14. a4 Nc6 15. Na3 O-O-O 16. Nb5 a6 17. Nbd4 Nxd4 18. cxd4 Bxd4 19. Nxd4 Rhg8 20. f3 Qxd4+ 21. Kh1 Qf2 22.
Rg1 Rd3 23. Ra3 Rxa3 24. bxa3 Qd4 25. Bb2 Qd5 26. Re1 Nd7 27. Bc3 Kb8 28. Qb2 Ka8 29.
Bd4 Rc8 30. Be3 Nc5 31. Qg7 Qd7 32. Rb1 Nxa4 33. Qxh7 b5 34. Qg7 Nc5 35. Qe5 Nd3 36. Qf6 f4 37. Bg1 Qd5 38. a4 b4 39. Qxf7 Qb7 40. Qxe6 1-0

[Event "Early-Titled-Tuesday-Blitz-August-29-2023"]
[Site "Chess.com"]
[Date "2023.08.29"]
[Round "6"]
[White "slidingknight2775"]
[Black "kinga2008"]
[Result "1-0"]
[WhiteElo "2573"]
[BlackElo "2396"]
[TimeControl "180+1"]
[EndTime "9:06:31 PDT"]
[Termination "slidingknight2775 won by checkmate"]

1. d4 g6 2. e4 Bg7 3. Nc3 d6 4. Be3 Nf6 5. h3 O-O 6. Nf3 Nbd7 7. Bc4 e5 8. dxe5 Nxe5 9. Nxe5 dxe5 10. O-O Be6 11.
Bxe6 fxe6 12. Qe2 c6 13. a4 Nh5 14. g3 Qf6 15. Kh2 Nf4 16. Qf3 Nd5 17. Qxf6 Nxf6 18. a5 Rfd8 19. Rfd1 Ne8 20. Rxd8 Rxd8 21. Bxa7 Rd2 22.
Rd1 Rxc2 23. Rd8 Kf7 24. Rd7+ Kf6 25. Rxb7 Nd6 26. Rb4 Bf8 27. Bc5 Kf7 28. a6 Nb5 29.
Bxf8 Nxc3 30. a7 Ne2 31. a8=Q Nd4 32. Rxd4 exd4 33. Kg2 d3 34. Qd8 d2 35. Qe7+ Kg8 36. Qg7# 1-0

[Event "Early-Titled-Tuesday-Blitz-August-29-2023"]
[Site "Chess.com"]
[Date "2023.08.29"]
[Round "6"]
[White "DenLaz"]
[Black "MarcoRiehle"]
[Result "1-0"]
[WhiteElo "3047"]
[BlackElo "2823"]
[TimeControl "180+1"]
[EndTime "9:06:32 PDT"]
[Termination "DenLaz won on time"]

1. d4 d5 2. c4 e6 3. Nf3 Nf6 4. g3 dxc4 5. Bg2 Bb4+ 6. Bd2 a5 7. a3 Bxd2+ 8. Nbxd2 b5 9. b3 cxb3 10. Qxb3 c6 11. O-O O-O 12. Rfc1 Qe7 13. Ne5 Bb7 14.
Qb2 Rd8 15. Nb3 Nd5 16. Nc5 Bc8 17. e3 f6 18. Ned3 Nb6 19. Rc3 Ra7 20. Rac1 Rc7 21. R3c2 Kh8 22. Qc3 Nc4 23. Nb2 Nxb2 24. Rxb2 Ra7 25.
Rd2 Kg8 26. h4 Rd6 27. Qb2 Rd8 28. h5 Qf7 29. Bf3 Rc7 30. Kg2 Nd7 31. Nxd7 Bxd7 32. Rc5 Be8 33. Rdc2 Rd6 34. Qc3 a4 35. Qb4 Rd8 36.
Qa5 Rdc8 37. e4 Qd7 38. d5 e5 39. Qb6 Kf8 40. Be2 Qe7 41. Qa5 Ra7 42. Qb4 Rac7 43. Bxb5 Rb8 44. Qc3 cxd5 45. Rxc7 1-0

[Event "Early-Titled-Tuesday-Blitz-August-29-2023"]
[Site "Chess.com"]
[Date "2023.08.29"]
[Round "6"]
[White "Lady_Nika"]
[Black "Druid24"]
[Result "0-1"]
[WhiteElo "2471"]
[BlackElo "2658"]
[TimeControl "180+1"]
[EndTime "9:06:32 PDT"]
[Termination "Druid24 won by resignation"]

1. e4 c6 2. d4 d5 3. Nc3 dxe4 4. Nxe4 Nf6 5. Nxf6+ exf6 6. c3 Bd6 7. Bd3 O-O 8. Qc2 Re8+ 9. Ne2 h5 10. Bd2 Nd7 11. O-O-O h4 12. h3 Nb6 13. c4 c5 14. g3 cxd4 15. c5 Be6 16. Kb1 Rc8 17. Nxd4 Bxc5 18.
Nxe6 Rxe6 19. Bc3 Qe7 20. Bh7+ Kh8 21. Bf5 Re2 22. Qd3 Re8 23. gxh4 Na4 24. Qf3 Nxc3+ 25. Qxc3 Bd6 26. f4 Bxf4 27. Qf3 Qe5 28. Bc2 Rc8 29. Rc1 Bxc1 30. Rxc1 Re1 31. Qf2 Rxc1+ 32. Kxc1 Qc7 33. Qe2 Qxc2+ 34. Qxc2 Rxc2+ 35. Kxc2 Kh7 36. Kd3 Kh6 37. Ke4 Kh5 38. Kf5 Kxh4 39. b4 Kxh3 40. a4 g5 41.
Kxf6 g4 42. Kxf7 g3 43. Ke7 g2 44. Kd7 g1=Q 45. Kc7 Qb6+ 46. Kc8 Qxb4 47. Kb8 0-1

[Event "Early-Titled-Tuesday-Blitz-August-29-2023"]
[Site "Chess.com"]
[Date "2023.08.29"]
[Round "6"]
[White "124chess"]
[Black "Tsyhanchuk_Stanislav"]
[Result "1/2-1/2"]
[WhiteElo "2644"]
[BlackElo "2431"]
[TimeControl "180+1"]
[EndTime "9:06:32 PDT"]
[Termination "Game drawn by repetition"]

1. b3 e5 2. Bb2 Nc6 3. e3 d5 4.
Bb5 Bd6 5. f4 Qe7 6. Nf3 f6 7. Nc3 Be6 8. e4 dxe4 9. Nxe4 exf4 10. O-O Nh6 11. Nd4 Bd7 12. Re1 Ne5 13. Bxd7+ Qxd7 14. Qh5+ Qf7 15. Nxf6+ gxf6 16. Qxh6 O-O-O 17. Qh3+ Kb8 18. Ne6 Rde8 19. Nxf4 Rhg8 20. Nd3 Ng4 21. Rxe8+ Qxe8 22. Re1 Qc6 23. g3 h6 24. Qg2 Qxc2 25. Qd5 Rd8 26. Qf5 Bc5+ 27. Qxc5 Qxd3 28. Re7 Rc8 29. Bd4 b6 30.
Qc3 Qb1+ 31. Kg2 f5 32. h3 Qd1 33. hxg4 fxg4 34. Be5 Qe2+ 35. Kg1 Qe1+ 36. Kg2 Qe2+ 37.
Kg1 Qe1+ 38. Kg2 Qe2+ 1/2-1/2

[Event "Early-Titled-Tuesday-Blitz-August-29-2023"]
[Site "Chess.com"]
[Date "2023.08.29"]
[Round "6"]
[White "ural58"]
[Black "jcreyes69"]
[Result "1-0"]
[WhiteElo "2513"]
[BlackElo "2384"]
[TimeControl "180+1"]
[EndTime "9:06:32 PDT"]
[Termination "ural58 won by resignation"]

1. e4 c5 2. b3 g6 3. Bb2 Nf6 4. e5 Nd5 5. Nc3 Nxc3 6. dxc3 Bg7 7. Qd5 Qc7 8. Nf3 e6 9. Qd6 Qxd6 10. exd6 Nc6 11.
O-O-O O-O 12. Bb5 Nd8 13. c4 Bxb2+ 14. Kxb2 a6 15. Ba4 f6 16. Nd2 Rb8 17. Ne4 b5 18. cxb5 axb5 19. Nxc5 bxa4 20. Nxa4 Bb7 21. f3 Bc6 22.
Nc5 Nb7 23. Na6 Ra8 24. Nb4 Ra5 25. c4 Rfa8 26. Rd2 Kf7 27. Kc3 Nc5 28. Ra1 e5 29. a4 Rb8 30. Ra3 Ra7 31. a5 Rab7 32. Nxc6 Rxb3+ 33. Rxb3 Rxb3+ 34. Kc2 dxc6 35. d7 Nxd7 36. Kxb3 Nc5+ 37.
Kb4 Na6+ 38. Ka3 Ke6 39. Rd8 h5 40. h4 Kf5 41. Ra8 Nc5 42. Kb4 Nd7 43. a6 g5 44. Rd8 Nb6 45. c5 Nd5+ 46. Rxd5 cxd5 47. a7 gxh4 48. a8=Q Kf4 49. Qxd5 Kg3 50. Qd2 f5 51. Qg5+ Kf2 52. Qxh4+ Kxg2 53. Qxh5 e4 54. fxe4 fxe4 55. Kc3 Kf2 56. Kd2 e3+ 57. Kd3 e2 58. Qxe2+ 1-0

[Event "Early-Titled-Tuesday-Blitz-August-29-2023"]
[Site "Chess.com"]
[Date "2023.08.29"]
[Round "6"]
[White "Ducke13"]
[Black "KevinGeorgeMicheal"]
[Result "1-0"]
[WhiteElo "2433"]
[BlackElo "2164"]
[TimeControl "180+1"]
[EndTime "9:06:32 PDT"]
[Termination "Ducke13 won on time"]

1. d4 d5 2. g3 g6 3. Nf3 Nf6 4.
Bg2 Bg7 5. c4 c6 6. cxd5 cxd5 7.
Nc3 Nc6 8. Ne5 Ng4 9. Nxg4 Bxg4 10.
Bxd5 Bxd4 11. Qb3 O-O 12. Bh6 Na5 13. Qb4 Nc6 14. Bxc6 bxc6 15. O-O-O c5 16. Qa3 Re8 17. h3 Be6 18. e3 Qb6 19. exd4 cxd4 20. Na4 Qc6+ 21.
Kb1 Rad8 22. Ka1 Bf5 23. Nc5 Qd5 24. Nb3 e5 25. Rhe1 Bc2 26. Rd2 d3 27. Nc5 Rc8 28.
Ne4 Kh8 29. Nf6 Qc6 30. Nxe8 Rxe8 31. Qc3 Qd5 32. f4 f6 33. fxe5 fxe5 34. Bf4 Qd6 35. Rxe5 Rf8 36. Rd5+ 1-0

[Event "Early-Titled-Tuesday-Blitz-August-29-2023"]
[Site "Chess.com"]
[Date "2023.08.29"]
[Round "6"]
[White "nassimzrikem"]
[Black "Ariadna_Atreides"]
[Result "0-1"]
[WhiteElo "2073"]
[BlackElo "2222"]
[TimeControl "180+1"]
[EndTime "9:06:32 PDT"]
[Termination "Ariadna_Atreides won on time"]

1. Nf3 d5 2. e3 c6 3. d4 Nf6 4. Bd3 Bg4 5. c4 e6 6. Qb3 Qb6 7. Ne5 Bf5 8. Bxf5 exf5 9. Nc3 Qxb3 10. axb3 Nbd7 11. f4 Bd6 12. c5 Bc7 13. b4 Ne4 14.
Ne2 f6 15. Nf3 g6 16. O-O Kf7 17. Bd2 a6 18. Bc3 h5 19. Nd2 Rhe8 20. Nxe4 Rxe4 21. Kf2 Rae8 22. Bd2 h4 23. Nc3 R4e6 24. h3 g5 25. Kf3 Kg6 26. Rae1 Nf8 27. Re2 Kh5 28. Rfe1 Ng6 29.
g4+ hxg3 30. Kxg3 Nh4 31. Bc1 R6e7 32. Kf2 Rg8 33. fxg5 Rxg5 34. Rg1 Reg7 35. Rxg5+ Rxg5 36. Re1 Rg2+ 37. Kf1 Rh2 0-1

[Event "Early-Titled-Tuesday-Blitz-August-29-2023"]
[Site "Chess.com"]
[Date "2023.08.29"]
[Round "6"]
[White "cottage_cheese"]
[Black "Biregina"]
[Result "1-0"]
[WhiteElo "2315"]
[BlackElo "2431"]
[TimeControl "180+1"]
[EndTime "9:06:34 PDT"]
[Termination "cottage_cheese won by checkmate"]

1. e4 d6 2. d4 Nf6 3. Nc3 Nbd7 4. Nf3 e5 5. Bc4 Be7 6. O-O O-O 7. Re1 c6 8. a4 a5 9. b3 Qc7 10. Bb2 h6 11. Nh4 Re8 12. Nf5 Nf8 13. dxe5 dxe5 14. Qf3 Ng6 15. Qg3 Bf8 16. Qxg6 Bxf5 17. Qxf5 Rad8 18. Rad1 Bb4 19. Rxd8 Rxd8 20. Rd1 Bxc3 21. Rxd8+ Qxd8 22. Bxc3 Qd1+ 23. Bf1 Qxc2 24. Bxe5 Nxe4 25. Bd4 c5 26. Bxc5 g6 27. Qc8+ Kh7 28. Qxb7 Qxc5 29. Qxf7+ Kh8 30. Bc4 Qc8 31. Qxg6 Qf8 32. Qxe4 Qb4 33.
h3 Qc3 34. Qg6 Qc1+ 35. Kh2 Qf4+ 36. Qg3 Qf8 37. Qe5+ Kh7 38. Bd3+ Kg8 39. Qd5+ Kh8 40.
Qd4+ Kg8 41. Qe4 Qb8+ 42. g3 Qa7 43. Qg6+ Kf8 44. Qxh6+ Kg8 45. Qg6+ Kf8 46. Qf6+ Kg8 47. Bc4+ Kh7 48. Qf7+ Kh8 49. Qg8# 1-0

[Event "Early-Titled-Tuesday-Blitz-August-29-2023"]
[Site "Chess.com"]
[Date "2023.08.29"]
[Round "6"]
[White "schack_vit"]
[Black "crazy_m_attack"]
[Result "0-1"]
[WhiteElo "2448"]
[BlackElo "2344"]
[TimeControl "180+1"]
[EndTime "9:06:36 PDT"]
[Termination "crazy_m_attack won by checkmate"]

1. c4 e6 2. Nf3 Nf6 3. g3 d5 4. Bg2 Be7 5. O-O O-O 6. d4 dxc4 7. Qc2 a6 8. a4 Bd7 9. Rd1 Bc6 10. Nc3 Bxf3 11. Bxf3 Nc6 12. Bxc6 bxc6 13. a5 Rb8 14. Ra4 Rb4 15. Rxb4 Bxb4 16. Qa4 Bxc3 17. bxc3 Qd5 18. f3 Rb8 19. Bf4 Qb5 20. Qa1 Nd5 21. Bd2 Qb2 22.
e4 Ne7 23. Kf1 Qc2 24. Qc1 Qa2 25. Bf4 Qxa5 26. Qa1 Qb6 27. Qa2 Qb3 28. Qd2 Ng6 29. Bxc7 Rb7 30. Bd6 a5 31. Ra1 a4 32. Ra3 Qb1+ 33.
Kg2 Rb2 34. Qxb2 Qxb2+ 35. Kh3 f5 36. exf5 exf5 37. Rxa4 h5 38. Rxc4 Qe2 39. Rb4 Qf1# 0-1